Match 37267771
Unlisted

Match 37267771
End
Selects Luftwaffe Battlegroup
Selects Luftwaffe Pioneer Support
Fallschirmpioneer Squad Paradrop
Fallschirmpioneer Squad Paradrop
Construct Infanterie Kompanie
MG 42 Machine Gun Team
Medical Station
Construct Panzergrenadier Kompanie
Selects Reconnaissance Run
Panzergrenadier Officer Quarters
Selects Fallschirmjäger Squad Paradrop
Fallschirmjäger Squad Paradrop
Fallschirmjäger Squad Paradrop
Fallschirmjäger Squad Paradrop
Support Elements
StuG III G Assault Gun
Fallschirmjäger Squad Paradrop
Selects Flak 38 Anti-Air Emplacement
Fallschirmjäger Squad Paradrop
Selects Infantry Reserves
Construct Panzer Kompanie
Panzer IV Medium Tank
Королева PizdаliSov
Sanchorus
Austro
STALKER4732
ezh
kit.ohume
0
0

Comments sign in to comment!

No comments posted yet!